 Dungeon Crawl Stone Soup version 0.21-a0-630-g344d351 (webtiles) character file.

131 lemonriz the Firebug (level 4, -1/30 HPs)
             Began as a Demonspawn Fire Elementalist on Dec 25, 2017.
             Slain by a goblin
             ... wielding a +0 dagger
             ... led by Robin
              (5 damage)
             ... on level 2 of the Dungeon.
             The game lasted 00:03:40 (1848 turns).

lemonriz the Firebug (Demonspawn Fire Elementalist) Turns: 1848, Time: 00:03:40

Health: -1/30      AC:  2    Str:  8    XL:     4   Next: 91%
Magic:  4/7        EV: 12    Int: 18    God:
Gold:   100        SH:  0    Dex: 13    Spells: 4/7 levels left

rFire    . . .     SeeInvis .   (no weapon)
rCold    . . .     Gourm    .   (no shield)
rNeg     . . .     Faith    .   a - +0 robe
rPois    .         Spirit   .   (helmet restricted)
rElec    .         Reflect  .   (no cloak)
rCorr    .         Harm     .   (no gloves)
MR       .....                  (no boots)
Stlth    ++........             (no amulet)
HPRegen  0.10/turn              (no ring)
MPRegen  0.10/turn              (no ring)

@: no status effects
A: antennae 1, claws 2
a: no special abilities


You were on level 2 of the Dungeon.
You were hungry.

You visited 1 branch of the dungeon, and saw 2 of its levels.

You collected 100 gold pieces.

Inventory:

Armour
 a - a +0 robe (worn)
Jewellery
 i - a cursed amulet of inaccuracy {unknown}
Scrolls
 d - a scroll of teleportation {unknown}
 f - a scroll of remove curse {unknown}
 h - 3 scrolls of identify {unknown}
 j - a scroll of magic mapping {unknown}
Potions
 e - a potion of brilliance {unknown}
 g - 2 potions of experience {unknown}
 l - a potion of heal wounds {unknown}
Books
 b - a book of Flames

   Spells                             Type                      Level
   a - Flame Tongue                   Conjuration/Fire             1
   b - Throw Flame                    Conjuration/Fire             2
   c - Conjure Flame                  Conjuration/Fire             3
   d - Inner Flame                    Hexes/Fire                   3
   e - Sticky Flame                   Conjuration/Fire             4
   f - Fireball                       Conjuration/Fire             5
Comestibles
 c - 3 rations
 k - 5 chunks of flesh


   Skills:
 - Level 2.0 Dodging
 - Level 2.0 Stealth
 + Level 0.0 Unarmed Combat
 - Level 2.1 Spellcasting
 + Level 3.2 Conjurations
 + Level 3.9 Fire Magic


You had 4 spell levels left.
You knew the following spells:

 Your Spells              Type           Power        Failure   Level  Hunger
a - Flame Tongue          Conj/Fire      ##...        4%          1    #......
b - Throw Flame           Conj/Fire      ##....       6%          2    ###....


Dungeon Overview and Level Annotations

Branches:
Dungeon (2/15)

Altars:

Annotations:
D:2 Robin


Innate Abilities, Weirdness & Mutations

You have a pair of small antennae on your head.
You have very sharp fingernails.


Message History

Confirm with . or Enter, or press ? or * to list all spells.
Aiming: Flame Tongue
Press: ? - help, Shift-Dir - straight line, f/p - hobgoblin
Aim: a hobgoblin, wielding a club (almost dead)
The flame tongue hits the hobgoblin.
You kill the hobgoblin!
You are feeling hungry.
Robin moves out of view.
Robin throws the goblin at you!
* * * LOW HITPOINT WARNING * * *
You closely miss the goblin. The goblin hits you with a dagger.
* * * LOW HITPOINT WARNING * * *
The goblin hits you with a dagger.
* * * LOW HITPOINT WARNING * * *
Robin's horned helmet rattles.
Robin roars a battlecry!
The goblins go into a battle-frenzy!
You hear a shout! x2
The goblin hits you with a dagger.
You die...

########## ##........#
##...#####.#
#####.###.####.#
#..)g.g.....##.########
#g###.@..†#.##.........
##...##.###########
##.## # ##.### #.#
#.######...## #.#
#...........#
#.########.......
...>............
.########.......
##....>#


You could see 2 goblins.

Vanquished Creatures
  A bullfrog (D:2)
  Jessica (D:2)
  An adder (D:2)
  A dart slug (D:1)
  A giant cockroach (D:1)
  5 goblins
  8 hobgoblins
  3 jackals
  A kobold (D:1)
  3 bats
  2 frilled lizards (D:1)
  A rat (D:2)
28 creatures vanquished.

Vanquished Creatures (others)
  7 toadstools (D:1)
7 creatures vanquished.

Grand Total: 35 creatures vanquished

Notes
Turn   | Place    | Note
-------+----------+-------------------------------------------
     0 | D:1      | lemonriz the Demonspawn Fire Elementalist began the quest for the Orb.
     0 | D:1      | Reached XP level 1. HP: 13/13 MP: 3/3
   406 | D:1      | Gained mutation: You have sharp fingernails. [demonic ancestry]
   406 | D:1      | Reached XP level 2. HP: 9/19 MP: 0/5
   877 | D:1      | Learned a level 2 spell: Throw Flame
  1525 | D:2      | Gained mutation: You have very sharp fingernails. [demonic ancestry]
  1525 | D:2      | Reached XP level 3. HP: 23/24 MP: 3/6
  1573 | D:2      | Noticed a bullfrog
  1587 | D:2      | Killed a bullfrog
  1587 | D:2      | Gained mutation: You have a pair of small antennae on your head. [demonic ancestry]
  1587 | D:2      | Reached XP level 4. HP: 13/30 MP: 1/7
  1708 | D:2      | Noticed Jessica
  1720 | D:2      | Killed Jessica
  1844 | D:2      | Noticed Robin
  1848 | D:2      | Slain by a goblin

Vault maps used:
D:1:      nagdon_arrival_double_spiral
D:2:      chequers_temple_overflow_statue_of_worship, uniq_robin, uniq_jessica

Skill      XL: |  1  2  3  4 |
---------------+-------------+-----
Stealth        | 2 |  2.0
Dodging        | 2 |  2.0
Fire Magic     | 3 |  3.9
Conjurations   | 2 3 |  3.2
Spellcasting   | |  2.1

Action                   |  1- 3 |  4- 6 || total
-------------------------+-------+-------++-------
Melee: Spear             |     6 |       ||     6
       Unarmed           |     7 |     8 ||    15
 Cast: Flame Tongue      |    33 |    14 ||    47
  Eat: Chunk             |     2 |     1 ||     3
Armor: Robe              |     5 |       ||     5
Dodge: Dodged            |    26 |     7 ||    33

Table legend:
 A = Spawn XP
 B = Non-spawn XP
 C = Spawn XP percentage of total XP
 D = Spawn monster count
 E = Non-spawn monster count
 F = Spawn count percentage of total count
 G = Total turns spent on level
                    A         B        C        D         E        F      G
               +---------+---------+-------+---------+---------+-------+---------
         Total |       0 |     188 |   0.0 |       0 |      28 |   0.0 |  1848
               +---------+---------+-------+---------+---------+-------+---------
           D:1 |       0 |      37 |   0.0 |       0 |      19 |   0.0 |  1464
           D:2 |       0 |     151 |   0.0 |       0 |       9 |   0.0 |   384
               +---------+---------+-------+---------+---------+-------+---------
